← All builds
Air / Cortex / Economy first / OBSERVED BUILD

Standard air

The usual Cortex air game: Aircraft Plant just after the start, Advanced Metal Extractor around 7 minutes and Fusion Reactor around 11 minutes, making transports and fighters for the team while scaling economy normally.

Usually transports first (72%)

#eco #team support #air · 501 distinct matches · 111 players · 80% of Cortex Air games · team won 47% of 559 · Recently observed

HOW TO PLAY IT

Key timing: Aircraft Plant by 1:23

  1. Take 3 mex and open straight into Aircraft Plant.
  2. Finish Aircraft Plant, start pumping Valiant for escort duty.
  3. Get T2 constructor going to scale eco alongside air production.
  4. Add Advanced Metal Extractor to keep pace with team's economy.
  5. Bring Fusion Reactor online, keep making Hercules and Finch for allies.

Phase by phase

TYPICAL OF ITS 501 GAMES
  1. 1
  2. 2
  3. 3
PLAY THE OPENING

Follow the example game's first 6:00 step by step: what to build now, what comes next, and where it goes. At 1× it keeps pace with your own game.

  1. 1

    Up to the Aircraft Plant

    Economy
    • Metal Extractor3Mex
    • Wind Turbine4Wind
    Order
    1. Aircraft PlantAircraft Plant after 3 mex, 4 winddone ~1:22, middle half 1:13–1:33

    Some games also: energy storage (37%)

    By 1:03 in all: 3 mex · 4 wind

    The example game in this phase · 4 steps
    1. Mex ×3
    2. Wind ×4
    3. Energy storage
    4. Aircraft PlantAircraft Plantdone 1:29 · typical 1:22
  2. 2

    Aircraft Plant to 5:00

    Economy
    • Metal Extractor1Mex
    • Wind Turbine9Wind
    • Wind Turbine3Wind
    Builders
    • Construction Turret2 Con turret
    • Construction Aircraft1 Con aircraft
    Army
    • Valiant5 Valiant
    • Finch2 Finch for allies
    • Hercules2 Light transport for allies
    • Shuriken1 Shuriken
    • Hephaestus1 Heavy transport for allies

    Some games also: energy storage (46%) · light transport (44%) · converter (40%) · con turret (31%)

    By 5:00 in all: 3 mex · 1 mex · 13 wind · 3 wind · 1 energy storage · 2 con turret

    The example game in this phase · 24 steps
    1. HerculesLight transportfor Geo sea
    2. FinchFinch ×2for Geo sea
    3. Wind
    4. HephaestusHeavy transportfor Beach sea
    5. Wind ×7
    6. HerculesLight transportfor Tech
    7. ValiantValiant ×2
    8. Construction AircraftCon aircraft
    9. Mex
    10. ValiantValiant
    11. Con turret ×2
    12. ValiantValiant
    13. Wind ×3
    14. ValiantValiant
    15. Wind
    16. ValiantValiant
    17. Converter
    18. Wind
    19. Converter
    20. Wind ×2
    21. Converter
    22. Wind
    23. Converter
    24. Wind
  3. 3

    5:00 to 10:00

    Economy
    • Wind Turbine20Wind
    • Wind Turbine5Wind
    • Energy Converter6Converter
    Order
    1. Aircraft PlantAircraft Plant after 18 wind, 17 wind, 6 converterin 58% of games
    Builders
    • Construction Turret4 Con turret
    Army
    • Valiant9 Valiant
    • Shuriken1 Shuriken

    Some games also: con aircraft (36%) · fusion (33%) · light transport (31%)

    By 10:00 in all: 3 mex · 1 mex · 24 wind · 20 wind · 8 converter · 1 energy storage

    The example game in this phase · 141 steps
    1. ValiantValiant
    2. Converter
    3. Wind
    4. ValiantValiant
    5. Converter
    6. Wind ×3
    7. ShurikenShuriken
    8. Wind
    9. ShurikenShuriken
    10. Wind
    11. ShurikenShuriken
    12. Wind
    13. Wind
    14. Wind
    15. Converter
    16. Wind
    17. Converter
    18. Wind
    19. Wind
    20. Wind
    21. Wind
    22. Wind ×2
    23. Wind
    24. Wind
    25. Wind
    26. Wind
    27. Wind
    28. Advanced Metal ExtractorT2 mexdone 6:59 · typical 6:50
    29. Wind
    30. Wind
    31. Wind
    32. Wind
    33. Advanced Metal ExtractorT2 mex
    34. Wind ×2
    35. Wind
    36. Advanced Metal ExtractorT2 mex
    37. Wind ×3
    38. Wind
    39. Wind
    40. Wind
    41. Advanced Metal ExtractorT2 mex
    42. Wind
    43. Aircraft PlantAircraft Plantdone 8:18
    44. Wind
    45. Wind
    46. HerculesLight transport
    47. Wind ×2
    48. Wind
    49. Construction AircraftCon aircraft
    50. Wind
    51. Con turret
    52. Wind
    53. Converter
    54. Con turret ×2
    55. Wind
    56. Con turret
    57. Fusion ReactorFusiondone 10:08 · typical 10:56
    58. Converter
    59. Converter
    60. Converter
    61. Converter
    62. Converter
    63. Converter
    64. Converter
    65. Fusion ReactorFusion
    66. Converter
    67. Converter
    68. Converter
    69. Converter ×2
    70. ValiantValiant ×2
    71. Converter
    72. Con turret
    73. ValiantValiant
    74. Converter
    75. Con turret ×2
    76. ValiantValiant
    77. Converter
    78. ValiantValiant
    79. Con turret ×2
    80. ValiantValiant
    81. Converter
    82. ValiantValiant ×2
    83. Converter
    84. ValiantValiant ×7
    85. Converter
    86. ValiantValiant
    87. Con turret
    88. Converter
    89. ValiantValiant
    90. Con turret ×2
    91. Converter
    92. ValiantValiant
    93. Con turret
    94. Converter
    95. ValiantValiant ×7
    96. Converter
    97. ValiantValiant ×3
    98. ShurikenShuriken
    99. ValiantValiant ×10
    100. Converter
    101. ValiantValiant
    102. ShurikenShuriken
    103. Converter
    104. ValiantValiant ×6
    105. Converter
    106. ValiantValiant ×5
    107. Converter
    108. ShurikenShuriken ×13
    109. Converter
    110. ShurikenShuriken ×3
    111. Converter
    112. ShurikenShuriken ×6
    113. ValiantValiant ×3
    114. Converter
    115. ValiantValiant ×5
    116. Converter
    117. ValiantValiant ×6
    118. Converter
    119. ValiantValiant ×5
    120. Converter
    121. ValiantValiant ×6
    122. Converter
    123. ValiantValiant ×5
    124. Converter
    125. ValiantValiant ×6
    126. Converter
    127. ValiantValiant ×2
    128. ShurikenShuriken
    129. ValiantValiant
    130. ShurikenShuriken
    131. ValiantValiant
    132. ShurikenShuriken
    133. ValiantValiant
    134. Converter
    135. ValiantValiant ×2
    136. Converter
    137. ValiantValiant ×7
    138. Converter
    139. ValiantValiant ×4
    140. Converter
    141. ValiantValiant ×2

Counts are medians over the build's games: half of them build more, half fewer. The example game is Adeus's (36 OS, 22/09/2026); pick another.

Team trades

IN AT LEAST 30% OF ITS GAMES

You hand over

  • Finch2 Finch to Geo sea or Beach seafirst at 1:50 · in 96% of games
  • Hercules3 Light transport to Tech or Geo sea or Geofirst at 2:05 · in 98% of games
  • Hephaestus1 Heavy transport to Beach sea or Pond or Techfirst at 2:26 · in 75% of games

You get

  • Wind Turbine3 Wind from Beach sea or Geo seafirst at 1:38 · in 66% of games
  • Wind Turbine3 Wind from Beach sea or Geo sea or Pondfirst at 1:45 · in 48% of games
  • Construction Bot1 Con bot from Techfirst at 2:19 · in 84% of games
  • Advanced Construction Bot1 T2 con bot from Techfirst at 6:04 · in 94% of games

How it plays out

Typical game of this build, running totals by minute

Metal produced

010k20k30k
0:005:0010:0015:00

metal

Enemy metal destroyed

01k2k3k
0:005:0010:0015:00

metal

Own metal lost

01k2k3k
0:005:0010:0015:00

metal

559 games.

Show as table
ByMetal produced: This buildEnemy metal destroyed: This buildOwn metal lost: This build
1:0039300
2:0092400
3:00145700
4:002052051
5:00276573102
6:003779124147
7:005128176219
8:007036220281
9:009352250341
10:0011841314464
11:0014395439635
12:0017109605955
13:00199329071256
14:002261913911819
15:002548920592748
WHAT THE NUMBERS SAY

This is the role's standard support job, winning less than half its games while producing little combat impact but reliably feeding transports and scouts to teammates.

  • + Reaches Aircraft Plant almost immediately (1:23), fast T2 constructor by 5:58.
  • + Keeps own losses low (2789 by 15:00) versus other roles.
  • − Destroys only 2027 enemy metal by 15:00, minimal combat contribution.
  • − Fusion Reactor only completes in 57% of games, some games stall on eco.
THE EXAMPLE YOU ARE READING

Adeus

35.5 OS · 22/09/2026

Open source match ↗

7 received units · includes a constructor
1314 metal received · 53910 energy received

Allied construction assistance is unknown. Timings are observations, not a promise of solo reproducibility.

Typical milestones

Aircraft Plant1:22Middle 50%: 1:13–1:33 · n=559
Advanced Metal Extractor6:50Middle 50%: 6:23–7:27 · n=536
Fusion Reactor10:56Middle 50%: 10:02–12:19 · n=338

Played most by

DRM35games of this buildCentientWaffle32games of this buildAdeus28games of this buildNutzz25games of this buildhaaven24games of this build